[ AOE2 MATCH · #471043460 ]
UnrankedGoths vs Persians
[ REPLAY ANALYSIS · EXTRACTED FROM THE RECORDED GAME ]
Feudal
11:24
Castle
24:23
Imperial
40:02
| APM avg | 14.5 |
| APM peak | 38 |
| eAPM avg | 10.6 |
| Villagers / military | 92 / 150 |
Focus
⚔️ 29.4% · 🌾 70.6%
Spearman ×112 · Knight ×22 · Militia ×9 · Battering Ram ×4 · Trebuchet (Packed) ×3
Feudal
12:26
Castle
16:43
Imperial
41:46
| APM avg | 25.1 |
| APM peak | 69 |
| eAPM avg | 16.2 |
| Villagers / military | 135 / 40 |
Focus
⚔️ 19.2% · 🌾 80.8%
War Elephant ×22 · Scorpion ×5 · Trebuchet (Packed) ×4 · Mangonel ×3 · Scout Cavalry ×2 · Monk ×2
Feudal
12:14
Castle
20:56
Imperial
33:31
| APM avg | 24.2 |
| APM peak | 50 |
| eAPM avg | 10.3 |
| Villagers / military | 79 / 75 |
Focus
⚔️ 24.3% · 🌾 75.7%
Archer ×69 · Trebuchet (Packed) ×5 · Monk ×1
Feudal
11:53
Castle
17:48
Imperial
—
| APM avg | 24.0 |
| APM peak | 53 |
| eAPM avg | 9.6 |
| Villagers / military | 58 / 41 |
Focus
⚔️ 29.1% · 🌾 70.9%
Knight ×35 · Scout Cavalry ×3 · Mangonel ×2 · Throwing Axeman ×1
Match map
Initial resources + every placement click. Lines = walls · curves = elevation contours. ◆ gold · ⬟ stone · ● berries · ✦ relic · ◌ wall gap
Your base· Open — unwalled flank
johnsonzhan121's base· Open — unwalled flank
SuloPunk's base· Open — 5t gap
ariel0306's base· Open — unwalled flank
Smoothed initial terrain · ◌ = detected wall gap · hover for details
Inputs per minute
— Lord Bendtner - - johnsonzhan121
Build order — Lord Bendtner
First 150 of 207 actions detected
| 0:04 | Create | Villager (Male) ×4 |
| 0:07 | Build | House |
| 1:28 | Create | Villager (Male) |
| 1:53 | Build | House |
| 1:54 | Build | House |
| 2:03 | Create | Villager (Male) |
| 2:19 | Create | Villager (Male) |
| 2:51 | Create | Villager (Male) |
| 3:11 | Create | Villager (Male) |
| 3:22 | Create | Villager (Male) |
| 3:23 | Research | Loom |
| 3:39 | Create | Villager (Male) |
| 4:09 | Create | Villager (Male) |
| 4:19 | Build | Lumber Camp |
| 4:24 | Create | Villager (Male) |
| 4:48 | Create | Villager (Male) ×2 |
| 4:52 | Create | Villager (Male) |
| 5:25 | Create | Villager (Male) |
| 5:35 | Build | House |
| 5:59 | Create | Villager (Male) |
| 6:03 | Build | House |
| 7:02 | Create | Villager (Male) |
| 7:25 | Build | Mill |
| 8:25 | Research | Loom |
| 9:14 | Research | Feudal Age |
| 10:22 | Create | Villager (Male) ×4 |
| 10:36 | Create | Villager (Male) |
| 10:56 | Build | Barracks |
| 11:00 | Build | Barracks |
| 11:24 | Age | Feudal Age |
| 11:52 | Build | Blacksmith |
| 11:58 | Build | Mining Camp |
| 12:06 | Create | Villager (Male) |
| 12:20 | Research | Man-at-Arms (upgrade) |
| 12:53 | Build | House |
| 12:55 | Build | House |
| 13:02 | Build | House |
| 13:04 | Build | House |
| 13:08 | Research | Double-Bit Axe |
| 13:10 | Research | Gold Mining |
| 13:33 | Create | Villager (Male) |
| 14:03 | Create | Villager (Male) |
| 14:27 | Create | Villager (Male) ×5 |
| 15:05 | Build | Stable |
| 15:18 | Create | Militia ×3 |
| 15:19 | Create | Militia ×3 |
| 15:49 | Create | Militia |
| 16:16 | Create | Militia |
| 16:31 | Create | Villager (Male) ×2 |
| 16:33 | Create | Villager (Male) ×3 |
| 16:37 | Create | Militia |
| 16:59 | Build | House |
| 17:01 | Build | House |
| 17:01 | Build | House |
| 17:14 | Create | Spearman ×2 |
| 17:23 | Create | Spearman |
| 17:45 | Create | Spearman |
| 18:30 | Build | Farm |
| 18:31 | Build | Farm |
| 18:33 | Build | Farm |
| 18:34 | Build | Farm |
| 18:59 | Research | Forging |
| 19:20 | Build | Farm |
| 19:21 | Build | Farm |
| 19:24 | Build | Farm |
| 20:29 | Build | Farm |
| 20:31 | Build | Farm |
| 20:52 | Build | Farm |
| 20:53 | Build | Farm |
| 20:55 | Build | Farm |
| 21:00 | Build | Mill |
| 21:02 | Build | Farm |
| 21:05 | Build | Farm |
| 21:35 | Build | Farm |
| 21:40 | Build | Mill |
| 21:43 | Research | Castle Age |
| 21:46 | Build | Farm |
| 22:04 | Research | Stone Mining |
| 22:14 | Build | Mining Camp |
| 22:20 | Research | Horse Collar |
| 22:23 | Build | Farm |
| 23:14 | Build | Stable |
| 23:19 | Research | Scale Barding Armor |
| 23:54 | Build | Farm |
| 24:03 | Build | Lumber Camp |
| 24:06 | Build | Farm |
| 24:14 | Research | Bloodlines |
| 24:23 | Age | Castle Age |
| 24:38 | Build | Town Center |
| 24:42 | Research | Wheelbarrow |
| 24:47 | Create | Knight ×5 |
| 24:47 | Create | Knight ×5 |
| 24:47 | Create | Knight ×2 |
| 25:04 | Build | Siege Workshop |
| 25:13 | Create | Knight ×3 |
| 25:38 | Research | Bow Saw |
| 25:44 | Create | Villager (Male) |
| 25:49 | Create | Villager (Male) |
| 26:05 | Create | Villager (Male) |
| 26:20 | Create | Villager (Male) |
| 26:21 | Create | Villager (Male) |
| 26:26 | Create | Knight |
| 26:29 | Create | Battering Ram |
| 26:38 | Create | Villager (Male) |
| 26:55 | Create | Battering Ram |
| 27:08 | Create | Villager (Male) ×5 |
| 27:13 | Create | Villager (Male) |
| 27:17 | Create | Battering Ram |
| 27:29 | Create | Villager (Male) |
| 27:35 | Create | Knight |
| 27:46 | Build | House |
| 27:57 | Build | Town Center |
| 28:12 | Create | Villager (Male) |
| 28:24 | Build | House |
| 28:25 | Build | House |
| 28:36 | Create | Villager (Male) |
| 28:37 | Create | Villager (Male) |
| 28:37 | Create | Villager (Male) |
| 28:38 | Create | Villager (Male) |
| 28:48 | Build | Town Center |
| 29:03 | Build | House |
| 29:04 | Build | House |
| 29:07 | Create | Villager (Male) |
| 29:09 | Create | Villager (Male) |
| 29:09 | Create | Villager (Male) |
| 29:24 | Create | Battering Ram |
| 29:58 | Build | Mining Camp |
| 30:03 | Create | Villager (Male) |
| 30:04 | Create | Villager (Male) |
| 30:04 | Create | Villager (Male) |
| 30:04 | Create | Villager (Male) |
| 30:07 | Create | Villager (Male) |
| 30:07 | Create | Villager (Male) |
| 30:09 | Create | Villager (Male) |
| 30:09 | Create | Villager (Male) |
| 30:09 | Create | Villager (Male) |
| 30:17 | Create | Villager (Male) ×5 |
| 30:28 | Research | Heavy Plow |
| 30:32 | Build | Farm |
| 30:43 | Build | Barracks |
| 30:51 | Build | Farm |
| 31:18 | Research | Iron Casting |
| 31:31 | Build | Stable |
| 33:03 | Research | Pikeman (upgrade) |
| 33:08 | Build | Barracks |
| 33:09 | Build | Barracks |
| 34:00 | Create | Knight ×5 |
| 34:07 | Build | Barracks |
| 34:09 | Build | Barracks |
| 34:18 | Research | Hand Cart |
Build order — johnsonzhan121
First 150 of 335 actions detected
| 0:01 | Create | Villager (Male) |
| 0:03 | Build | House |
| 0:04 | Create | Villager (Male) |
| 0:06 | Build | House |
| 0:07 | Create | Villager (Male) |
| 0:07 | Create | Villager (Male) |
| 0:09 | Create | Villager (Male) |
| 0:09 | Create | Villager (Male) |
| 1:26 | Create | Villager (Male) |
| 2:01 | Create | Villager (Male) |
| 2:20 | Build | House |
| 2:22 | Build | House |
| 2:23 | Create | Villager (Male) |
| 2:54 | Create | Villager (Male) |
| 3:06 | Create | Villager (Male) |
| 3:16 | Build | Mill |
| 3:23 | Build | House |
| 3:44 | Create | Villager (Male) |
| 3:56 | Create | Villager (Male) |
| 4:07 | Build | Palisade Gate |
| 4:32 | Create | Villager (Male) |
| 4:46 | Create | Villager (Male) |
| 4:54 | Build | House |
| 5:01 | Build | Lumber Camp |
| 5:06 | Create | Villager (Male) |
| 5:21 | Create | Villager (Male) |
| 5:21 | Create | Villager (Male) |
| 5:38 | Build | Palisade Wall |
| 5:41 | Create | Villager (Male) |
| 6:13 | Create | Villager (Male) |
| 6:32 | Create | Villager (Male) |
| 6:32 | Create | Villager (Male) |
| 6:46 | Create | Villager (Male) |
| 7:23 | Build | Mill |
| 7:26 | Create | Villager (Male) |
| 7:28 | Create | Villager (Male) |
| 7:59 | Create | Villager (Male) |
| 8:03 | Create | Villager (Male) |
| 8:22 | Create | Villager (Male) |
| 8:24 | Create | Villager (Male) |
| 8:51 | Create | Villager (Male) |
| 8:51 | Create | Villager (Male) |
| 9:27 | Create | Villager (Male) |
| 9:30 | Create | Villager (Male) |
| 9:39 | Create | Villager (Male) |
| 9:46 | Create | Villager (Male) |
| 10:04 | Create | Villager (Male) |
| 10:12 | Research | Feudal Age |
| 10:20 | Create | Villager (Male) |
| 10:44 | Create | Villager (Male) |
| 11:01 | Build | Barracks |
| 11:04 | Build | Palisade Wall |
| 11:07 | Create | Villager (Male) |
| 11:19 | Build | Mining Camp |
| 11:21 | Create | Villager (Male) |
| 11:25 | Create | Villager (Male) |
| 12:13 | Build | House |
| 12:17 | Build | Farm |
| 12:18 | Build | Farm |
| 12:18 | Build | Farm |
| 12:18 | Build | Farm |
| 12:26 | Age | Feudal Age |
| 12:33 | Build | Stable |
| 12:35 | Create | Villager (Male) |
| 13:08 | Build | Blacksmith |
| 13:11 | Create | Villager (Male) |
| 14:18 | Research | Castle Age |
| 14:18 | Research | Castle Age |
| 14:22 | Create | Scout Cavalry |
| 14:22 | Create | Scout Cavalry |
| 14:25 | Create | Villager (Male) |
| 14:33 | Research | Double-Bit Axe |
| 14:41 | Research | Gold Mining |
| 15:03 | Create | Villager (Male) |
| 15:22 | Research | Bloodlines |
| 15:51 | Create | Spearman |
| 15:54 | Create | Villager (Male) |
| 16:02 | Research | Horse Collar |
| 16:19 | Build | Lumber Camp |
| 16:21 | Create | Villager (Male) |
| 16:36 | Research | Loom |
| 16:37 | Create | Villager (Male) |
| 16:43 | Age | Castle Age |
| 16:52 | Build | Town Center |
| 16:53 | Create | Villager (Male) |
| 17:03 | Research | Husbandry |
| 17:10 | Research | Bow Saw |
| 17:31 | Build | House |
| 17:31 | Build | House |
| 17:41 | Create | Villager (Male) |
| 18:07 | Build | House |
| 18:10 | Build | House |
| 18:12 | Create | Villager (Male) |
| 18:20 | Build | Palisade Wall |
| 18:21 | Create | Villager (Male) |
| 18:34 | Build | Farm |
| 18:34 | Build | Farm |
| 18:35 | Build | Farm |
| 18:35 | Build | Farm |
| 18:35 | Build | Farm |
| 18:35 | Build | Farm |
| 18:52 | Create | Villager (Male) |
| 19:06 | Build | Mining Camp |
| 19:24 | Build | House |
| 19:24 | Build | House |
| 19:24 | Build | House |
| 19:25 | Build | House |
| 19:25 | Build | House |
| 19:50 | Build | Siege Workshop |
| 19:59 | Build | Palisade Wall |
| 19:59 | Build | Palisade Wall |
| 20:03 | Create | Villager (Male) |
| 20:20 | Create | Scorpion |
| 20:20 | Create | Scorpion |
| 20:23 | Create | Villager (Male) |
| 20:41 | Build | Watch Tower |
| 20:55 | Research | Fletching |
| 21:01 | Create | Scorpion |
| 21:29 | Create | Villager (Male) |
| 21:34 | Create | Villager (Male) |
| 21:37 | Create | Villager (Male) |
| 21:47 | Create | Villager (Male) |
| 22:01 | Build | Farm |
| 22:02 | Create | Villager (Male) |
| 22:07 | Build | Farm |
| 22:07 | Build | Farm |
| 22:08 | Build | Farm |
| 22:10 | Create | Villager (Male) |
| 22:18 | Build | Farm |
| 22:19 | Create | Villager (Male) |
| 22:49 | Build | Mining Camp |
| 22:51 | Create | Villager (Male) |
| 23:07 | Build | Palisade Wall |
| 23:10 | Create | Villager (Male) |
| 23:42 | Build | Castle |
| 23:50 | Create | Villager (Male) |
| 24:01 | Build | Farm |
| 24:01 | Build | Farm |
| 24:01 | Build | Farm |
| 24:18 | Research | Heavy Plow |
| 24:20 | Create | Villager (Male) |
| 24:28 | Build | House |
| 24:29 | Build | House |
| 24:29 | Build | House |
| 24:30 | Build | House |
| 24:33 | Create | Villager (Male) |
| 24:41 | Research | Wheelbarrow |
| 24:58 | Build | Mining Camp |
| 24:59 | Create | Villager (Male) |
| 25:07 | Create | Villager (Male) |
Build order — SuloPunk
First 150 of 247 actions detected
| 0:03 | Build | House |
| 0:04 | Create | Villager (Male) |
| 0:04 | Create | Villager (Male) |
| 0:17 | Create | Villager (Male) |
| 0:30 | Create | Villager (Male) |
| 0:50 | Build | House |
| 0:51 | Build | House |
| 1:26 | Build | Lumber Camp |
| 1:36 | Create | Villager (Male) |
| 2:05 | Create | Villager (Male) |
| 2:21 | Create | Villager (Male) |
| 2:55 | Create | Villager (Male) |
| 3:00 | Create | Villager (Male) |
| 3:36 | Create | Villager (Male) |
| 4:12 | Create | Villager (Male) |
| 4:12 | Create | Villager (Male) |
| 4:39 | Create | Villager (Male) |
| 4:46 | Build | Mill |
| 4:49 | Create | Villager (Male) |
| 4:49 | Create | Villager (Male) |
| 5:17 | Create | Villager (Male) |
| 5:27 | Build | House |
| 5:31 | Create | Villager (Male) |
| 5:49 | Create | Villager (Male) |
| 6:14 | Create | Villager (Male) |
| 6:26 | Build | House |
| 6:34 | Create | Villager (Male) |
| 6:38 | Build | House |
| 6:38 | Build | House |
| 6:42 | Build | Palisade Wall |
| 6:54 | Create | Villager (Male) |
| 7:01 | Build | House |
| 7:05 | Build | Palisade Wall |
| 7:06 | Build | Palisade Wall |
| 7:08 | Build | House |
| 7:16 | Create | Villager (Male) |
| 7:26 | Create | Villager (Male) |
| 7:39 | Build | Lumber Camp |
| 8:09 | Create | Villager (Male) |
| 8:41 | Build | Barracks |
| 8:52 | Research | Loom |
| 8:57 | Create | Villager (Male) |
| 8:58 | Research | Loom |
| 9:26 | Research | Feudal Age |
| 9:40 | Build | Palisade Wall |
| 10:19 | Create | Villager (Male) |
| 10:19 | Create | Villager (Male) |
| 11:12 | Build | House |
| 11:32 | Build | Mining Camp |
| 11:35 | Create | Villager (Male) |
| 12:14 | Age | Feudal Age |
| 12:15 | Research | Horse Collar |
| 12:15 | Research | Double-Bit Axe |
| 12:51 | Build | Archery Range |
| 12:52 | Build | Archery Range |
| 12:57 | Build | Mining Camp |
| 13:01 | Create | Villager (Male) |
| 13:11 | Create | Villager (Male) |
| 13:17 | Build | Archery Range |
| 13:24 | Build | Blacksmith |
| 13:37 | Create | Villager (Male) |
| 13:49 | Create | Archer |
| 13:51 | Create | Villager (Male) |
| 13:55 | Research | Gold Mining |
| 14:13 | Build | Palisade Gate |
| 14:15 | Build | House |
| 14:19 | Create | Villager (Male) |
| 14:21 | Build | Archery Range |
| 14:26 | Build | House |
| 14:44 | Research | Town Watch |
| 14:56 | Research | Fletching |
| 15:24 | Build | Archery Range |
| 15:27 | Create | Archer |
| 15:34 | Create | Archer |
| 15:44 | Build | Farm |
| 15:45 | Build | Farm |
| 15:45 | Build | Farm |
| 15:46 | Build | Farm |
| 15:59 | Create | Archer |
| 16:11 | Research | Wheelbarrow |
| 16:24 | Create | Villager (Male) |
| 16:25 | Create | Villager (Male) |
| 16:35 | Build | House |
| 16:37 | Build | House |
| 16:41 | Build | House |
| 16:43 | Build | House |
| 16:55 | Create | Archer |
| 16:56 | Create | Archer |
| 16:56 | Create | Archer |
| 16:56 | Create | Archer |
| 16:58 | Create | Archer |
| 18:04 | Build | Mining Camp |
| 18:12 | Research | Castle Age |
| 18:55 | Build | House |
| 18:56 | Build | House |
| 20:23 | Build | House |
| 20:24 | Build | House |
| 20:25 | Build | House |
| 20:26 | Build | House |
| 20:56 | Age | Castle Age |
| 21:04 | Research | Crossbowman (upgrade) |
| 21:06 | Research | Thumb Ring |
| 21:11 | Research | Bodkin Arrow |
| 21:13 | Create | Villager (Male) |
| 21:26 | Build | University |
| 21:39 | Create | Villager (Male) |
| 21:46 | Research | Stone Mining |
| 22:06 | Build | House |
| 22:10 | Build | Monastery |
| 22:12 | Build | House |
| 22:16 | Create | Villager (Male) |
| 22:16 | Create | Villager (Male) |
| 22:22 | Research | Heavy Plow |
| 22:25 | Create | Villager (Male) |
| 22:25 | Create | Villager (Male) |
| 22:35 | Create | Archer ×5 |
| 22:39 | Research | Ballistics |
| 22:47 | Build | House |
| 22:51 | Create | Villager (Male) |
| 22:53 | Build | Farm |
| 22:54 | Build | Farm |
| 22:55 | Build | Farm |
| 22:57 | Build | Farm |
| 22:58 | Build | Farm |
| 22:59 | Build | Farm |
| 23:00 | Build | Farm |
| 23:06 | Build | Farm |
| 23:12 | Create | Villager (Male) |
| 23:16 | Build | Farm |
| 23:17 | Build | Farm |
| 23:19 | Create | Villager (Male) |
| 23:24 | Create | Archer |
| 23:24 | Create | Archer |
| 23:24 | Create | Archer |
| 23:25 | Create | Archer |
| 23:25 | Create | Archer |
| 23:36 | Research | Padded Archer Armor |
| 23:36 | Research | Padded Archer Armor |
| 23:41 | Build | Farm |
| 24:04 | Create | Villager (Male) |
| 24:09 | Build | Lumber Camp |
| 24:13 | Create | Villager (Male) |
| 24:19 | Create | Monk |
| 24:24 | Create | Archer |
| 24:25 | Create | Archer |
| 24:25 | Create | Archer |
| 24:26 | Create | Archer |
| 24:26 | Create | Archer |
| 24:44 | Create | Archer |
| 24:45 | Create | Archer |
Build order — ariel0306
First 150 of 151 actions detected
| 0:03 | Build | House |
| 0:05 | Build | House |
| 0:07 | Create | Villager (Male) |
| 0:07 | Create | Villager (Male) |
| 0:11 | Create | Villager (Male) |
| 0:12 | Create | Villager (Male) |
| 1:44 | Create | Villager (Male) |
| 1:44 | Create | Villager (Male) |
| 2:08 | Create | Villager (Male) |
| 2:35 | Create | Villager (Male) |
| 2:36 | Create | Villager (Male) |
| 2:36 | Create | Villager (Male) |
| 3:00 | Build | Lumber Camp |
| 3:06 | Create | Villager (Male) |
| 3:06 | Create | Villager (Male) |
| 3:07 | Create | Villager (Male) |
| 4:02 | Create | Villager (Male) |
| 4:02 | Create | Villager (Male) |
| 4:02 | Create | Villager (Male) |
| 4:28 | Create | Villager (Male) |
| 4:28 | Create | Villager (Male) |
| 4:38 | Build | Mill |
| 4:59 | Build | House |
| 5:08 | Research | Loom |
| 5:09 | Create | Villager (Male) |
| 5:09 | Create | Villager (Male) |
| 5:24 | Create | Villager (Male) |
| 5:24 | Create | Villager (Male) |
| 5:24 | Create | Villager (Male) |
| 5:32 | Build | House |
| 5:53 | Create | Villager (Male) |
| 5:53 | Create | Villager (Male) |
| 6:08 | Create | Villager (Male) |
| 6:08 | Create | Villager (Male) |
| 6:15 | Build | Farm |
| 6:16 | Build | Farm |
| 6:23 | Create | Villager (Male) |
| 6:31 | Build | Farm |
| 7:06 | Create | Villager (Male) |
| 7:26 | Create | Villager (Male) |
| 7:48 | Create | Villager (Male) |
| 8:11 | Create | Villager (Male) |
| 9:13 | Build | House |
| 9:17 | Research | Feudal Age |
| 9:36 | Create | Villager (Male) |
| 9:56 | Create | Villager (Male) |
| 10:30 | Build | Mining Camp |
| 10:58 | Build | Barracks |
| 11:53 | Age | Feudal Age |
| 11:56 | Build | Farm |
| 12:26 | Build | Stable |
| 12:51 | Create | Villager (Male) |
| 13:18 | Create | Villager (Male) |
| 13:21 | Build | House |
| 13:24 | Build | House |
| 13:53 | Research | Town Watch |
| 14:17 | Build | Blacksmith |
| 14:26 | Create | Villager (Male) |
| 14:32 | Build | Farm |
| 14:37 | Create | Scout Cavalry |
| 14:38 | Create | Scout Cavalry |
| 14:41 | Create | Scout Cavalry |
| 15:08 | Research | Castle Age |
| 15:43 | Research | Double-Bit Axe |
| 16:15 | Build | Farm |
| 16:16 | Build | Farm |
| 16:27 | Build | Farm |
| 16:58 | Build | Farm |
| 17:03 | Create | Villager (Male) |
| 17:03 | Create | Villager (Male) |
| 17:13 | Build | Farm |
| 17:16 | Build | Farm |
| 17:27 | Build | Mining Camp |
| 17:48 | Age | Castle Age |
| 18:03 | Create | Villager (Male) |
| 18:03 | Create | Villager (Male) |
| 18:33 | Build | Town Center |
| 19:00 | Build | Farm |
| 19:03 | Research | Scale Barding Armor |
| 19:04 | Research | Forging |
| 19:40 | Create | Knight |
| 19:40 | Create | Knight |
| 19:40 | Create | Knight |
| 21:55 | Research | Wheelbarrow |
| 21:58 | Build | Farm |
| 22:00 | Build | Farm |
| 22:37 | Build | Lumber Camp |
| 22:41 | Research | Bow Saw |
| 22:49 | Build | Farm |
| 22:57 | Build | Farm |
| 23:00 | Create | Villager (Male) |
| 23:02 | Create | Villager (Male) |
| 23:23 | Create | Knight |
| 23:23 | Create | Knight |
| 23:35 | Build | Farm |
| 23:44 | Build | Farm |
| 23:48 | Create | Villager (Male) |
| 23:49 | Create | Villager (Male) |
| 23:51 | Create | Villager (Male) |
| 24:02 | Create | Villager (Male) |
| 24:12 | Build | Farm |
| 24:23 | Build | Farm |
| 24:55 | Create | Villager (Male) |
| 24:56 | Create | Villager (Male) |
| 25:08 | Build | Farm |
| 25:11 | Create | Villager (Male) |
| 25:14 | Create | Villager (Male) |
| 25:25 | Research | Husbandry |
| 25:30 | Create | Villager (Male) |
| 25:35 | Build | House |
| 25:37 | Build | House |
| 26:22 | Build | Castle |
| 26:39 | Create | Villager (Male) |
| 26:40 | Create | Villager (Male) |
| 26:44 | Build | Farm |
| 26:58 | Build | Farm |
| 27:38 | Create | Knight |
| 27:38 | Create | Knight |
| 27:38 | Create | Knight |
| 27:47 | Research | Stone Mining |
| 27:56 | Research | Chain Barding Armor |
| 28:11 | Build | Mill |
| 28:26 | Create | Villager (Male) |
| 28:27 | Create | Villager (Male) |
| 28:29 | Create | Knight |
| 28:29 | Create | Knight |
| 29:41 | Create | Knight |
| 29:41 | Create | Knight |
| 29:49 | Build | House |
| 29:54 | Build | House |
| 30:10 | Build | Stable |
| 31:32 | Create | Knight |
| 31:33 | Create | Knight |
| 31:49 | Build | Siege Workshop |
| 32:12 | Create | Mangonel |
| 32:58 | Create | Knight |
| 32:59 | Create | Knight |
| 33:03 | Create | Knight |
| 33:24 | Create | Mangonel |
| 34:51 | Build | Mining Camp |
| 34:57 | Create | Knight |
| 34:57 | Create | Knight |
| 35:59 | Create | Knight ×5 |
| 35:59 | Create | Knight ×5 |
| 36:00 | Create | Knight ×5 |
| 39:07 | Build | Castle |
| 39:41 | Build | Market |
| 40:21 | Create | Throwing Axeman |
| 42:50 | Create | Villager (Male) |
| 42:51 | Create | Villager (Male) |
Match timeline
| 5:38 | johnsonzhan121 · wall_segment Palisade Wall x5 |
| 6:42 | SuloPunk · wall_segment Palisade Wall x5 |
| 7:05 | SuloPunk · wall_segment Palisade Wall x3 |
| 7:06 | SuloPunk · wall_segment Palisade Wall x1 |
| 8:41 | SuloPunk · first_building Barracks |
| 9:40 | SuloPunk · wall_segment Palisade Wall x1 |
| 10:56 | Lord Bendtner · first_building Barracks |
| 10:58 | ariel0306 · first_building Barracks |
| 11:01 | johnsonzhan121 · first_building Barracks |
| 11:04 | johnsonzhan121 · wall_segment Palisade Wall x1 |
| 11:24 | Lord Bendtner · age_up feudal |
| 11:53 | ariel0306 · age_up feudal |
| 12:14 | SuloPunk · age_up feudal |
| 12:26 | johnsonzhan121 · age_up feudal |
| 12:26 | ariel0306 · first_building Stable |
| 12:33 | johnsonzhan121 · first_building Stable |
| 12:51 | SuloPunk · first_building Archery Range |
| 15:05 | Lord Bendtner · first_building Stable |
| 16:43 | johnsonzhan121 · age_up castle |
| 17:48 | ariel0306 · age_up castle |
| 18:20 | johnsonzhan121 · wall_segment Palisade Wall x13 |
| 19:50 | johnsonzhan121 · first_building Siege Workshop |
| 19:59 | johnsonzhan121 · wall_segment Palisade Wall x2 |
| 19:59 | johnsonzhan121 · wall_segment Palisade Wall x1 |
| 20:56 | SuloPunk · age_up castle |
| 22:10 | SuloPunk · first_building Monastery |
| 23:07 | johnsonzhan121 · wall_segment Palisade Wall x14 |
| 23:42 | johnsonzhan121 · first_building Castle |
| 24:23 | Lord Bendtner · age_up castle |
| 25:04 | Lord Bendtner · first_building Siege Workshop |
| 26:22 | ariel0306 · first_building Castle |
| 31:49 | ariel0306 · first_building Siege Workshop |
| 32:10 | SuloPunk · first_building Castle |
| 33:31 | SuloPunk · age_up imperial |
| 34:44 | johnsonzhan121 · wall_segment Stone Wall x7 |
| 34:56 | johnsonzhan121 · first_building Monastery |
| 35:42 | Lord Bendtner · first_building Castle |
| 40:02 | Lord Bendtner · age_up imperial |
| 41:46 | johnsonzhan121 · age_up imperial |
| 42:12 | ariel0306 · first_market_sell 100 wood |
| 42:18 | ariel0306 · first_market_buy 100 stone |
| 43:39 | johnsonzhan121 · resign |
[ AI ANALYSIS · 1 CREDIT ]
What really happened in this match?
Wolo.gg analyzes every decision: build order, eco, micro, common mistakes by bracket. Personalized analysis on WhatsApp or Discord in 30 seconds.
Civ guide
Goths
Perfil
Jugador #940321